 Dungeon Crawl Stone Soup version 0.31.0-11-ge490571c62 (webtiles) character file.

Game seed: 16631693029905304962

92 qw the Shooter (level 4, -2/22 HPs)
             Began as a Spriggan Hunter on Feb 5, 2024.
             Slain by a gnoll
             ... wielding a +0 whip
              (3 damage)
             ... on level 2 of the Dungeon.
             The game lasted 00:00:52 (1212 turns).

qw the Shooter (Spriggan Hunter)                    Turns: 1212, Time: 00:00:52

Health: -2/22      AC:  2    Str:  7    XL:     4   Next: 35%
Magic:  5/5        EV: 24    Int: 10    God:
Gold:   14         SH:  0    Dex: 20    Spells: 3/3 levels left

rFire   . . .        a - +0 shortbow
rCold   . . .        (shield currently unavailable)
rNeg    . . .        c - +0 robe
rPois   .            (helmet restricted)
rElec   .            (no cloak)
rCorr   .            (gloves unavailable)
SInv    +            (boots unavailable)
Will    .....        (no amulet)
Stlth   ++           h - +5 ring of evasion
HPRegen 0.23/turn    (no ring)
MPRegen 0.09/turn

%: no passive effects
@: very quick
A: very small, no large weapons, unfitting armour, see invisible, speed 3
a: no special abilities


You were on level 2 of the Dungeon.
You visited 1 branch of the dungeon, and saw 2 of its levels.

You collected 38 gold pieces.
You spent 24 gold pieces at shops.


Innate Abilities, Weirdness & Mutations

You are very small and have problems with some larger weapons.
You are too small for most types of armour.
You have supernaturally acute eyesight. (SInv)
You cover ground extremely quickly. (Speed+++)


   Skills:
 - Level 1.5 Fighting
 - Level 5.1 Ranged Weapons
 + Level 4.5 Dodging
 - Level 1.5 Stealth


You had 3 spell levels left.
You didn't know any spells.
Your spell library was empty.

Inventory:

Hand Weapons
 a - a +0 shortbow (weapon)
Armour
 c - a +0 robe (worn)
Jewellery
 b - a +6 ring of strength
 h - a +5 ring of evasion (left hand)
Wands
 e - a wand of roots (8)
Potions
 d - a potion of brilliance {unknown}
 g - a potion of curing

Dungeon Overview and Level Annotations

Branches:
Dungeon (2/15)

Altars:

Shops:
D:1 ?


Message History

You shoot an arrow. The gnoll shouts!
The arrow hits the gnoll.
You kill the gnoll!
You shoot an arrow. The arrow barely misses the gnoll.
A giant cockroach comes into view.
A gnoll comes into view. It is wielding a +0 whip.
You shoot an arrow. The arrow closely misses the gnoll.
You shoot an arrow. The arrow hits the gnoll.
The gnoll is moderately wounded.
The gnoll barely misses you.
You shoot an arrow. The arrow hits the gnoll!
The gnoll is heavily wounded.
The gnoll hits you from afar with a +0 spear.
The gnoll completely misses you.
You shoot an arrow.
The arrow hits the gnoll but does no damage.
The gnoll is heavily wounded.
The gnoll barely misses you. x2
You shoot an arrow. The arrow hits the gnoll.
You kill the gnoll!
The gnoll closely misses you. The giant cockroach misses you.
You shoot an arrow.
The arrow hits the gnoll but does no damage.
The giant cockroach misses you. The gnoll hits you with a +0 whip.
The gnoll hits you from afar with a +0 spear.
The giant cockroach completely misses you.
You shoot an arrow. The arrow hits the gnoll.
The gnoll is lightly wounded.
The gnoll hits you with a +0 whip! The gnoll misses you.
The giant cockroach completely misses you.
The gnoll closely misses you. The gnoll completely misses you.
You shoot an arrow. The arrow barely misses the gnoll.
The giant cockroach misses you.
The gnoll hits you from afar with a +0 spear!
The gnoll completely misses you.
You shoot an arrow. The arrow barely misses the gnoll.
The giant cockroach completely misses you.
The gnoll hits you with a +0 whip.
You die...

############
######..........#
.......########.#######
######..........).....#
.........#####.B@.....#
#.####.### #.g####%.#
#.# #.# #.g# #..# #.#
#.# #..# #..# ..# #..
..)# #..########### #.#
### #...#
#............. #.#
..<.# #.############
#.# ##... #.# #.# #.#


You could see 2 gnolls and a giant cockroach.

Vanquished Creatures
  A hound (D:2)
  2 gnolls (D:2)
  2 dart slugs
  A ball python (D:2)
  3 endoplasms (D:1)
  A giant cockroach (D:1)
  5 goblins
  5 hobgoblins (D:1)
  7 jackals (D:1)
  3 quokkas
  4 frilled lizards
  A kobold (D:1)
  3 rats (D:1)
38 creatures vanquished.

Notes
Turn   | Place    | Note
-------+----------+-------------------------------------------
     0 | D:1      | qw the Spriggan Hunter began the quest for the Orb.
     0 | D:1      | Reached XP level 1. HP: 10/10 MP: 2/2
     0 | D:1      | 0 ||| qw: Version: 0.3-a-160-g6735b56
     0 | D:1      | 0 ||| qw: Game counter: 6532
     0 | D:1      | 0 ||| qw: Melee chars always use a shield: true
     0 | D:1      | 0 ||| qw: God list: Okawaru
     0 | D:1      | 0 ||| qw: Allow faded altars: false
     0 | D:1      | 0 ||| qw: Do Orc after clearing Dungeon:15 true
     0 | D:1      | 0 ||| qw: Do second Lair branch before Depths: true
     0 | D:1      | 0 ||| qw: Lair rune preference: random
     0 | D:1      | 0 ||| qw: Goals: Normal
     0 | D:1      | 0 ||| PLANNING D:1-11
     9 | D:1      | Reached skill level 3 in Dodging
   120 | D:1      | Found a faded altar of an unknown god.
   198 | D:1      | Reached XP level 2. HP: 14/14 MP: 3/3
   474 | D:1      | Reached XP level 3. HP: 18/18 MP: 4/4
   882 | D:1      | Found Tamot's Magic Scroll Emporium.
   886 | D:1      | 886 ||| BUYING scroll of identify (24 gold).
   886 | D:1      | Bought a scroll of identify for 24 gold pieces
   886 | D:1      | 886 ||| SHOPLISTING scroll of identify (24 gold, have 10).
   886 | D:1      | 886 ||| SHOPLISTING scroll of teleportation (36 gold, have
                  | 10).
   886 | D:1      | 886 ||| UPGRADING to +5 ring of evasion.
   887 | D:1      | 887 ||| READING 2 scrolls of identify.
   887 | D:1      | 887 ||| IDENTIFYING smoky silvery potion
   888 | D:1      | 888 ||| READING scroll of identify.
   888 | D:1      | 888 ||| IDENTIFYING glowing green potion
   889 | D:1      | 889 ||| READING scroll labelled IFAISK EKOER.
   890 | D:1      | 890 ||| DROPPING scroll of butterflies.
   891 | D:1      | 891 ||| DROPPING potion of degeneration.
  1050 | D:2      | Reached skill level 5 in Ranged Weapons
  1050 | D:2      | Reached XP level 4. HP: 20/22 MP: 5/5
  1211 | D:2      | HP: 1/22 [gnoll/+0 spear (7)]
  1212 | D:2      | Slain by a gnoll

Levels and vault maps discovered:
D:1:      dpeg_arrival_morbid_curiosity, layout_basic,
          dilly_ecumenical_altar_fadedgnrine, serial_shops,
          nicolae_shop_back_alley_shop, corner_web_ring,
          minmay_misc_feat_four_crosses, minmay_surrounded
D:2:      layout_loops_ring

Skill      XL: |  1  2  3 |
---------------+----------+-----
Dodging        | 3 4 |  4.5
Ranged Weapons | 5 |  5.1
Fighting       | |  1.5
Stealth        | |  1.5

Action                     |  1- 3 |  4- 6 || total
---------------------------+-------+-------++-------
   Fire: Shortbow          |    93 |    16 ||   109
    Use: Scroll            |     3 |       ||     3
 Armour: Robe              |     8 |     6 ||    14
  Dodge: Dodged            |    25 |    15 ||    40

Table legend:
 A = Non-vault XP
 B = Vault XP
 C = Vault XP percentage of total XP
 D = Non-vault monster count
 E = Vault monster count
 F = Vault count percentage of total count
                 A         B        C        D         E       F
            +---------+---------+-------+---------+---------+-------
      Total |     115 |      17 |  12.9 |      28 |      10 |  26.3
            +---------+---------+-------+---------+---------+-------
        D:1 |      36 |      17 |  32.1 |      19 |      10 |  34.5
        D:2 |      79 |       0 |   0.0 |       9 |       0 |   0.0
            +---------+---------+-------+---------+---------+-------
